 Dungeon Crawl Stone Soup version 0.31-a0-174-g85c54bcb58 (webtiles) character file.

Game seed: 16022251700832846439

2684 qw the Blocker (level 9, -2/55 HPs)
             Began as a Gargoyle Fighter on June 15, 2023.
             Was an Initiate of Okawaru.
             Slain by a two-headed ogre
             ... wielding a +0 dire flail
              (5 damage)
             ... on level 7 of the Dungeon.
             The game lasted 00:02:28 (6573 turns).

qw the Blocker (Gargoyle Fighter)                   Turns: 6573, Time: 00:02:29

Health: -2/55      AC: 20    Str: 24    XL:     9   Next: 64%
Magic:  9/9        EV:  5    Int:  9    God:    Okawaru [......]
Gold:   230        SH: 19    Dex:  9    Spells: 8/8 levels left

rFire   . . .        Y - +1 war axe
rCold   . . .        c - +0 tower shield
rNeg    + + +        j - +0 plate armour
rPois   inf          (no helmet)
rElec   +            (no cloak)
rCorr   .            b - +0 pair of gloves
SInv    .            g - +0 pair of boots
Will    .....        h - amulet of reflection Stlth
                     q - ring of positive energy
HPRegen 0.29/turn    r - ring of positive energy
MPRegen 0.11/turn

%: reflection
@: no status effects
A: sickness immunity, AC +6, negative energy resistance 1, electricity
resistance, torment resistance 1, petrification resistance
a: Renounce Religion


You were on level 7 of the Dungeon.
You worshipped Okawaru.
Okawaru was noncommittal.
You visited 2 branches of the dungeon, and saw 8 of its levels.

You collected 329 gold pieces.
You spent 99 gold pieces at shops.


Innate Abilities, Weirdness & Mutations

You are immune to sickness and miasma.
Your stone body is resilient. (AC +6)
You are immune to poison.
You resist negative energy. (rN+)
You are resistant to electric shocks. (rElec)
You are resistant to unholy torment.
You are immune to petrification.


   Skills:
 - Level 6.1 Fighting
 - Level 7.1 Axes
 - Level 1.7 Throwing
 - Level 4.0 Armour
 - Level 1.2 Dodging
 + Level 9.9 Shields


You had 8 spell levels left.
You didn't know any spells.
Your spell library was empty.

Inventory:

Hand Weapons
 e - a +0 flail
 Y - a +1 war axe (weapon)
Missiles
 m - a boomerang (quivered)
Armour
 b - a +0 pair of gloves (worn)
 c - a +0 tower shield (worn)
 f - a +0 helmet
 g - a +0 pair of boots (worn)
 j - a +0 plate armour (worn)
Jewellery
 h - an amulet of reflection (around neck)
 q - a ring of positive energy (left hand)
 r - a ring of positive energy (right hand)
Scrolls
 a - 6 scrolls of identify
 i - a scroll of noise {unknown}
Potions
 d - a potion of might
 k - a potion of curing
 l - a potion of haste
 n - a potion of attraction

Dungeon Overview and Level Annotations

Branches:
Dungeon (7/15)             Temple (1/1) D:4

Altars:
Ashenzari
Cheibriados
Dithmenos
Elyvilon
Fedhas
Gozag
Kikubaaqudgha
Nemelex Xobeh
Okawaru
Qazlal
Sif Muna
Trog
Vehumet
Wu Jian
Xom
Yredelemnul
Zin
The Shining One

Shops:
D:4 [

Annotations:
D:4 3 runed translucent doors, qw's ghost, novice NaHu


Message History

The two-headed ogre is lightly wounded.
You block the two-headed ogre's attack.
The two-headed ogre hits you but does no damage.
You slash the two-headed ogre!
The two-headed ogre is heavily wounded.
The two-headed ogre hits you with a +0 dire flail!
The two-headed ogre barely misses you.
You barely miss the two-headed ogre.
The two-headed ogre is heavily wounded.
You block the two-headed ogre's attack. x2
You slash the two-headed ogre!
The two-headed ogre is severely wounded.
You block the two-headed ogre's attack.
The two-headed ogre hits you with a +0 giant club!
You hit the two-headed ogre.
The two-headed ogre is severely wounded.
You block the two-headed ogre's attack.
The two-headed ogre hits you but does no damage.
You hit the two-headed ogre.
The two-headed ogre is severely wounded.
You hit the two-headed ogre.
The two-headed ogre is severely wounded.
You block the two-headed ogre's attack.
The two-headed ogre hits you with a +0 giant club!
You barely miss the two-headed ogre.
The two-headed ogre is severely wounded.
The two-headed ogre hits you with a +0 dire flail!!
You block the two-headed ogre's attack.
You barely miss the two-headed ogre.
The two-headed ogre is severely wounded.
You block the two-headed ogre's attack.
The two-headed ogre hits you but does no damage.
You completely miss the two-headed ogre.
The two-headed ogre is severely wounded.
You block the two-headed ogre's attack. x2
You hit the two-headed ogre.
The two-headed ogre is almost dead.
You block the two-headed ogre's attack.
The two-headed ogre hits you with a +0 giant club.
You die...

# ### #############
#######.###............
............###########
#######..##............
#.........#..#.## #
#...#.#.#.####.# #####
+.#####...#.#.#......##
....#
+....O@...#.#.#.##.....
#####
+..####...#.#.#.##.####
##### #..........####.#
# ....# #.##...#.###
#.# # ###.#
#.##.#..#.#.## ### #
#.#
..#..........##########
#.#
..#..#.##.#............
###.#
#.#..#.##.##.##########
....# #.#..#.##.##.#


You could see a two-headed ogre.

Vanquished Creatures
  Prince Ribbit (D:5)
  Menkaure (D:5)
  Duvessa (D:6)
  An orc warrior (D:7)
  A sky beast (D:7)
  3 ice beasts
  4 ogres
  A black bear (D:6)
  Blork the orc (D:5)
  A bullfrog (D:6)
  2 scorpions
  6 wights (D:7)
  Dowan (D:6)
  A howler monkey (D:7)
  3 jellies
  5 hounds
  4 orc priests
  An iguana (D:5)
  Jessica (D:3)
  2 sleepcaps
  5 orc wizards
  5 adders
  A white imp (D:6)
  An ufetubus (D:7)
  A worm (D:2)
  4 dart slugs
  12 orcs
  4 endoplasms
  4 giant cockroaches
  3 goblins
  5 hobgoblins
  3 jackals (D:1)
  6 kobolds
  3 quokkas (D:1)
  3 ball pythons
  6 bats
  A frilled lizard (D:3)
  3 rats
111 creatures vanquished.

Notes
Turn   | Place    | Note
-------+----------+-------------------------------------------
     0 | D:1      | qw the Gargoyle Fighter began the quest for the Orb.
     0 | D:1      | Reached XP level 1. HP: 14/14 MP: 1/1
     0 | D:1      | 0 ||| qw: Version: 0.2-a-29-g511e9b1
     0 | D:1      | 0 ||| qw: Game counter: 5200
     0 | D:1      | 0 ||| qw: Always use a shield: true
     0 | D:1      | 0 ||| qw: God list: Okawaru
     0 | D:1      | 0 ||| qw: Allow faded altars: false
     0 | D:1      | 0 ||| qw: Do Orc after D:15 true
     0 | D:1      | 0 ||| qw: Do second Lair branch before Depths: true
     0 | D:1      | 0 ||| qw: Lair rune preference: random
     0 | D:1      | 0 ||| qw: Plans: Normal, Zot:1-4, Slime:5, God:TSO, Crypt,
                  | Tomb, Abyss, Pan, Hells, Win
     0 | D:1      | 0 ||| PLANNING D:1-11
    84 | D:1      | 84 ||| Stepping ~*~*~tactically~*~*~ (hiding).
    88 | D:1      | 88 ||| Stepping ~*~*~tactically~*~*~ (hiding).
    92 | D:1      | 92 ||| Stepping ~*~*~tactically~*~*~ (hiding).
    93 | D:1      | 93 ||| Stepping ~*~*~tactically~*~*~ (hiding).
   256 | D:1      | Reached XP level 2. HP: 19/19 MP: 2/2
   354 | D:1      | 354 ||| Stepping ~*~*~tactically~*~*~ (hiding).
   478 | D:1      | 478 ||| FLEEEEING.
   479 | D:1      | 479 ||| FLEEEEING.
   480 | D:1      | 480 ||| FLEEEEING.
   481 | D:1      | 481 ||| FLEEEEING.
   482 | D:1      | 482 ||| FLEEEEING.
   483 | D:1      | 483 ||| FLEEEEING.
   484 | D:1      | 484 ||| FLEEEEING.
   485 | D:1      | 485 ||| FLEEEEING.
   486 | D:1      | 486 ||| FLEEEEING.
   487 | D:1      | 487 ||| FLEEEEING.
   501 | D:1      | You fall into a shaft and drop 1 floor!
   503 | D:2      | 503 ||| UPGRADING to amulet of reflection.
   508 | D:2      | 508 ||| READING scroll labelled CYT JOUSOMICE.
   509 | D:2      | 509 ||| FLEEEEING.
   510 | D:2      | 510 ||| FLEEEEING.
   511 | D:2      | 511 ||| FLEEEEING.
   512 | D:2      | 512 ||| FLEEEEING.
   513 | D:2      | 513 ||| FLEEEEING.
   514 | D:2      | 514 ||| FLEEEEING.
   515 | D:2      | 515 ||| FLEEEEING.
   516 | D:2      | 516 ||| STAIRDANCE
   624 | D:1      | 624 ||| Stepping ~*~*~tactically~*~*~ (stealth).
   674 | D:1      | Found a faded altar of an unknown god.
   695 | D:1      | Reached skill level 3 in Axes
   861 | D:1      | 861 ||| Stepping ~*~*~tactically~*~*~ (stealth).
   873 | D:1      | Reached XP level 3. HP: 17/23 MP: 3/3
  1138 | D:1      | 1138 ||| READING scroll labelled USUDDI FIOP.
  1139 | D:1      | 1139 ||| READING scroll labelled VIUGUO SIMIOTA.
  1240 | D:1      | 1240 ||| READING scroll labelled BIREVAO JOKESCH.
  1486 | D:2      | 1486 ||| Stepping ~*~*~tactically~*~*~ (stealth).
  1487 | D:2      | 1487 ||| Stepping ~*~*~tactically~*~*~ (stealth).
  1488 | D:2      | 1488 ||| Stepping ~*~*~tactically~*~*~ (stealth).
  1489 | D:2      | 1489 ||| Stepping ~*~*~tactically~*~*~ (stealth).
  1656 | D:2      | 1656 ||| UPGRADING to +0 pair of boots.
  1661 | D:2      | 1661 ||| READING scroll labelled GUREUXEOSH.
  1662 | D:2      | 1662 ||| READING scroll labelled AKUZXO YH XUG.
  1663 | D:2      | 1663 ||| READING 2 scrolls of identify.
  1663 | D:2      | 1663 ||| IDENTIFYING blue potion
  1700 | D:3      | 1700 ||| Stepping ~*~*~tactically~*~*~ (hiding).
  1706 | D:3      | Reached XP level 4. HP: 28/28 MP: 4/4
  1827 | D:3      | Noticed Jessica
  1834 | D:3      | Killed Jessica
  1835 | D:3      | Reached skill level 1 in Throwing
  1844 | D:3      | 1844 ||| Stepping ~*~*~tactically~*~*~ (stealth).
  1868 | D:3      | 1868 ||| Stepping ~*~*~tactically~*~*~ (hiding).
  1898 | D:3      | 1898 ||| Stepping ~*~*~tactically~*~*~ (stealth).
  1920 | D:3      | 1920 ||| Stepping ~*~*~tactically~*~*~ (hiding).
  1984 | D:3      | 1984 ||| Stepping ~*~*~tactically~*~*~ (hiding).
  2007 | D:3      | 2007 ||| DROPPING +2 whip of venom.
  2136 | D:3      | Reached XP level 5. HP: 32/32 MP: 5/5
  2231 | D:3      | Found a sparkling altar of Nemelex Xobeh.
  2419 | D:3      | 2419 ||| DROPPING +1 mace of venom.
  2431 | D:3      | 2431 ||| UPGRADING to +0 chain mail.
  2441 | D:3      | 2441 ||| DROPPING +0 scale mail.
  2442 | D:3      | 2442 ||| READING scroll labelled ENNIYKLYHOS.
  2446 | D:3      | 2446 ||| READING scroll labelled ENUASE NUITASK.
  2447 | D:3      | 2447 ||| DRINKING 2 fizzy grey potions.
  2472 | D:4      | Noticed qw's ghost (novice NaHu)
  2510 | D:4      | Found a runed translucent gate.
  2510 | D:4      | Found a runed translucent gate.
  2513 | D:4      | Found a runed translucent gate.
  2530 | D:4      | 2530 ||| Stepping ~*~*~tactically~*~*~ (hiding).
  2533 | D:4      | 2533 ||| Stepping ~*~*~tactically~*~*~ (hiding).
  2822 | D:4      | Found a staircase to the Ecumenical Temple.
  2823 | D:4      | 2823 ||| PLANNING TEMPLE
  2823 | D:4      | 2823 ||| READING 2 scrolls of identify.
  2823 | D:4      | 2823 ||| IDENTIFYING green potion
  2828 | Temple   | Entered the Ecumenical Temple
  2828 | Temple   | Found a transporter.
  2828 | Temple   | Found a transporter.
  2830 | Temple   | Found a transporter.
  2830 | Temple   | Found a transporter.
  2840 | Temple   | 2840 ||| PLANNING D:1-11
  2880 | D:4      | 2880 ||| Stepping ~*~*~tactically~*~*~ (stealth).
  2893 | D:4      | Found Sasuil's Antique Armour Shop.
  2901 | D:4      | 2901 ||| SHOPLISTING fine chain mail (209 gold, have 199).
  2901 | D:4      | 2901 ||| BUYING pair of gloves (99 gold).
  2901 | D:4      | Bought a pair of gloves for 99 gold pieces
  2901 | D:4      | 2901 ||| SHOPLISTING twisted steam dragon scales (990 gold,
                  | have 100).
  3368 | D:4      | 3368 ||| UPGRADING to +0 pair of gloves.
  3388 | D:5      | Entered Level 5 of the Dungeon
  3438 | D:5      | Noticed an ice beast
  3445 | D:5      | Reached XP level 6. HP: 31/37 MP: 6/6
  3456 | D:5      | Killed an ice beast
  3532 | D:5      | Noticed Menkaure
  3533 | D:5      | 3533 ||| Stepping ~*~*~tactically~*~*~ (stealth).
  3536 | D:5      | Noticed an ice beast
  3548 | D:5      | Killed an ice beast
  3549 | D:5      | Reached XP level 7. HP: 13/44 MP: 7/7
  3551 | D:5      | HP: 9/44 [Menkaure/nerve-wracking pain (5)]
  3553 | D:5      | Killed Menkaure
  3554 | D:5      | Reached skill level 6 in Axes
  3697 | D:5      | 3697 ||| Stepping ~*~*~tactically~*~*~ (hiding).
  3707 | D:5      | Reached skill level 1 in Dodging
  3711 | D:5      | 3711 ||| FLEEEEING.
  3716 | D:5      | 3716 ||| FLEEEEING.
  3717 | D:5      | 3717 ||| FLEEEEING.
  3718 | D:5      | 3718 ||| FLEEEEING.
  3719 | D:5      | 3719 ||| FLEEEEING.
  3720 | D:5      | 3720 ||| FLEEEEING.
  3721 | D:5      | 3721 ||| FLEEEEING.
  3722 | D:5      | 3722 ||| FLEEEEING.
  3723 | D:5      | 3723 ||| FLEEEEING.
  3724 | D:5      | 3724 ||| FLEEEEING.
  3725 | D:5      | 3725 ||| FLEEEEING.
  3726 | D:5      | 3726 ||| FLEEEEING.
  3727 | D:5      | 3727 ||| FLEEEEING.
  3728 | D:5      | 3728 ||| FLEEEEING.
  3735 | D:5      | 3735 ||| FLEEEEING.
  3736 | D:5      | 3736 ||| FLEEEEING.
  3737 | D:5      | 3737 ||| FLEEEEING.
  3738 | D:5      | 3738 ||| FLEEEEING.
  3739 | D:5      | 3739 ||| STAIRDANCE
  3855 | D:5      | 3855 ||| STAIRDANCE
  3857 | D:5      | 3857 ||| STAIRDANCE
  3859 | D:4      | 3859 ||| DRINKING potion of curing.
  3859 | D:4      | 3859 ||| (to cure confusion)
  3948 | D:5      | 3948 ||| DROPPING +2 mace of protection.
  4119 | D:5      | Found a broken altar of Ashenzari.
  4261 | D:5      | Noticed Blork the orc
  4262 | D:5      | 4262 ||| Stepping ~*~*~tactically~*~*~ (hiding).
  4268 | D:5      | Killed Blork the orc
  4415 | D:5      | Reached XP level 8. HP: 48/48 MP: 8/8
  4507 | D:5      | Noticed Prince Ribbit
  4521 | D:5      | Killed Prince Ribbit
  4522 | D:5      | Reached skill level 6 in Fighting
  4574 | D:5      | 4574 ||| UPGRADING to +0 kite shield.
  4584 | D:5      | 4584 ||| DROPPING +0 buckler.
  4585 | D:5      | 4585 ||| READING 2 scrolls of identify.
  4585 | D:5      | 4585 ||| IDENTIFYING dark potion
  4634 | D:6      | Reached skill level 4 in Shields
  4660 | D:6      | Noticed Duvessa
  4660 | D:6      | Noticed Dowan
  4669 | D:6      | Killed Duvessa
  4673 | D:6      | Killed Dowan
  4674 | D:6      | Reached skill level 5 in Shields
  4754 | D:6      | 4754 ||| Stepping ~*~*~tactically~*~*~ (hiding).
  4755 | D:6      | 4755 ||| Stepping ~*~*~tactically~*~*~ (hiding).
  4854 | D:6      | Found a shimmering altar of Xom.
  4982 | D:6      | Reached skill level 6 in Shields
  5225 | D:6      | 5225 ||| Stepping ~*~*~tactically~*~*~ (hiding).
  5227 | D:6      | 5227 ||| Stepping ~*~*~tactically~*~*~ (hiding).
  5228 | D:6      | 5228 ||| Stepping ~*~*~tactically~*~*~ (hiding).
  5594 | D:6      | Reached skill level 7 in Shields
  5594 | D:6      | Reached XP level 9. HP: 47/55 MP: 9/9
  5693 | D:6      | 5693 ||| UPGRADING to +0 tower shield.
  5703 | D:6      | 5703 ||| UPGRADING to +0 plate armour.
  5713 | D:6      | 5713 ||| DROPPING +0 chain mail.
  5714 | D:6      | 5714 ||| DROPPING +0 kite shield.
  5715 | D:6      | 5715 ||| UPGRADING to ring of positive energy.
  5716 | D:6      | 5716 ||| UPGRADING to ring of positive energy.
  5717 | D:6      | 5717 ||| READING scroll labelled QERETE QAPHOHI.
  5735 | D:7      | 5735 ||| STAIRDANCE
  5739 | D:6      | Reached skill level 8 in Shields
  5912 | D:7      | Found an iron altar of Okawaru.
  5913 | D:7      | 5913 ||| PLANNING OKAWARU WORSHIP
  5917 | D:7      | Became a worshipper of Warmaster Okawaru
  5918 | D:7      | 5918 ||| PLANNING D:1-11
  5927 | D:7      | 5927 ||| Stepping ~*~*~tactically~*~*~ (stealth).
  5928 | D:7      | 5928 ||| Stepping ~*~*~tactically~*~*~ (stealth).
  5936 | D:7      | 5936 ||| Stepping ~*~*~tactically~*~*~ (stealth).
  5951 | D:7      | Found a flagged portal.
  5963 | D:7      | HP: 13/55 [ogre/+0 giant club (17)]
  5964 | D:7      | 5964 ||| DRINKING potion of heal wounds.
  5975 | D:7      | 5975 ||| FLEEEEING.
  6039 | D:7      | Reached skill level 9 in Shields
  6118 | D:7      | Reached * piety under Okawaru
  6162 | D:7      | 6162 ||| Stepping ~*~*~tactically~*~*~ (stealth).
  6164 | D:7      | 6164 ||| Stepping ~*~*~tactically~*~*~ (hiding).
  6165 | D:7      | 6165 ||| Stepping ~*~*~tactically~*~*~ (hiding).
  6166 | D:7      | 6166 ||| INVOKING Heroism.
  6190 | D:7      | 6190 ||| INVOKING Heroism.
  6432 | D:7      | Found a white marble altar of Elyvilon.
  6432 | D:7      | Found a glowing golden altar of the Shining One.
  6432 | D:7      | Found a glowing silver altar of Zin.
  6559 | D:7      | Noticed a two-headed ogre
  6570 | D:7      | HP: 1/55 [two-headed ogre/+0 dire flail (20)]
  6573 | D:7      | Slain by a two-headed ogre

Levels and vault maps discovered:
D:1:      shiori_shiawase, layout_basic, chequers_ecumenical_altar_simple_redux,
          kennysheep_another_room, hangedman_decor_slide_cut,
          serial_park_tiny_1, chequers_serial_rivers_small_a
D:2:      layout_rooms
D:3:      layout_basic, mainiacjoe_overflow_24_doors, serial_park_tiny_pond,
          uniq_jessica
D:4:      layout_basic, temple_doors_cd, gammafunk_ghost_split, serial_shops,
          nicolae_shop_waterfront
D:5:      layout_basic, cheibrodos_ashenzari_chains, lightli_corner_chamber,
          uniq_menkaure, uniq_blork_the_orc, uniq_prince_ribbit1
D:6:      layout_basic, dk_xom_monty_hall, roderic_serpentine_path, uniq_duvessa
D:7:      layout_basic, dreamdust_divine_triumvirate, okawaru_metal_pillars_1_2,
          mainiacjoe_overflow_alcove_4, enter_bailey_2
Temple:   hellmonk_temple_divided_pantheon

Skill      XL: |  1  2  3  4  5  6  7  8  9 |
---------------+----------------------------+-----
Axes           | 2 3 4 5 7 |  7.1
Throwing       | 1 |  1.7
Fighting       | 4 6 |  6.1
Dodging        | 1 |  1.2
Shields        | 7 9 |  9.9
Armour         | 4 |  4.0

Action                     |  1- 3 |  4- 6 |  7- 9 || total
---------------------------+-------+-------+-------++-------
  Melee: War axe           |    79 |    72 |   190 ||   341
  Throw: Javelin           |    13 |    34 |    32 ||    79
         Boomerang         |       |       |    16 ||    16
 Invoke: Heroism           |       |       |     2 ||     2
    Use: Scroll            |     7 |     3 |     2 ||    12
         Potion            |       |     1 |     2 ||     3
 Armour: Scale mail        |    39 |     8 |       ||    47
         Chain mail        |       |    19 |    46 ||    65
         Plate armour      |       |       |    42 ||    42
  Dodge: Dodged            |    25 |    19 |    23 ||    67
  Block: Buckler           |    29 |    36 |     8 ||    73
         Reflection        |     1 |     1 |     1 ||     3
         Kite shield       |       |       |    40 ||    40
         Tower shield      |       |       |   105 ||   105

Table legend:
 A = Non-vault XP
 B = Vault XP
 C = Vault XP percentage of total XP
 D = Non-vault monster count
 E = Vault monster count
 F = Vault count percentage of total count
                 A         B        C        D         E       F
            +---------+---------+-------+---------+---------+-------
      Total |    2950 |     885 |  23.1 |     103 |       8 |   7.2
            +---------+---------+-------+---------+---------+-------
        D:1 |      41 |       0 |   0.0 |      23 |       0 |   0.0
        D:2 |      37 |       0 |   0.0 |       7 |       0 |   0.0
        D:3 |      67 |      37 |  35.6 |      20 |       1 |   4.8
        D:4 |      99 |       0 |   0.0 |       7 |       0 |   0.0
        D:5 |     674 |     546 |  44.8 |      11 |       3 |  21.4
        D:6 |     626 |     302 |  32.5 |      11 |       4 |  26.7
        D:7 |    1406 |       0 |   0.0 |      24 |       0 |   0.0
            +---------+---------+-------+---------+---------+-------
